[ AOE2 MATCH · #468005692 ]
UnrankedItalians vs Poles
[ REPLAY ANALYSIS · EXTRACTED FROM THE RECORDED GAME ]
Feudal
44:06
Castle
49:30
Imperial
57:37
| APM avg | 20.9 |
| APM peak | 55 |
| eAPM avg | 19.0 |
| Villagers / military | 249 / 90 |
Focus
⚔️ 8.1% · 🌾 91.9%
Unknown (882) ×293 · Trade Cart ×75 · Spearman ×60 · Scout Cavalry ×20 · Mangonel ×4 · Bombard Cannon ×3
Feudal
36:28
Castle
42:35
Imperial
50:51
| APM avg | 47.1 |
| APM peak | 138 |
| eAPM avg | 36.6 |
| Villagers / military | 284 / 178 |
Focus
⚔️ 4.3% · 🌾 95.7%
Trade Cart ×114 · Spearman ×70 · Unknown (882) ×66 · Hand Cannoneer ×50 · Militia ×40 · Bombard Cannon ×10
Feudal
43:15
Castle
54:42
Imperial
59:00
| APM avg | 21.5 |
| APM peak | 64 |
| eAPM avg | 17.6 |
| Villagers / military | 155 / 263 |
Focus
⚔️ 10.4% · 🌾 89.6%
Scout Cavalry ×196 · Skirmisher ×50 · Trade Cart ×37 · Mangonel ×12 · Scorpion ×5
Feudal
41:23
Castle
48:24
Imperial
54:19
| APM avg | 14.7 |
| APM peak | 63 |
| eAPM avg | 13.7 |
| Villagers / military | 179 / 451 |
Focus
⚔️ 13.6% · 🌾 86.4%
Militia ×198 · Spearman ×140 · Trade Cart ×113 · Knight ×75 · Scout Cavalry ×21 · Mangonel ×11
Feudal
38:48
Castle
47:10
Imperial
79:21
| APM avg | 13.2 |
| APM peak | 77 |
| eAPM avg | 10.2 |
| Villagers / military | 62 / 16 |
Focus
⚔️ 8.6% · 🌾 91.4%
Trade Cart ×18 · Iron Pagoda ×7 · Scorpion ×6 · Bombard Cannon ×3
Feudal
44:22
Castle
57:21
Imperial
63:29
| APM avg | 12.3 |
| APM peak | 65 |
| eAPM avg | 11.3 |
| Villagers / military | 190 / 29 |
Focus
⚔️ 6.6% · 🌾 93.4%
Scorpion ×23 · Bombard Cannon ×4 · Mangonel ×2
Feudal
41:50
Castle
49:26
Imperial
56:28
| APM avg | 26.6 |
| APM peak | 113 |
| eAPM avg | 23.8 |
| Villagers / military | 168 / 293 |
Focus
⚔️ 7.0% · 🌾 93.0%
Spearman ×251 · Unknown (882) ×150 · Trade Cart ×78 · Knight ×30 · Bombard Cannon ×9 · Mangonel ×3
Feudal
55:06
Castle
61:42
Imperial
86:23
| APM avg | 6.2 |
| APM peak | 83 |
| eAPM avg | 5.8 |
| Villagers / military | 45 / 28 |
Focus
⚔️ 7.6% · 🌾 92.4%
Berserk ×14 · Spearman ×14
Match map
Initial resources + every placement click. Lines = walls · curves = elevation contours. ◆ gold · ⬟ stone · ● berries · ✦ relic · ◌ wall gap
Your base
Mac's base
Chleppa's base
Castigador's base
Ni66aдяй's base
SGT's base
jmm's base
. faLLen's base
Smoothed initial terrain · ◌ = detected wall gap · hover for details
Inputs per minute
— Lazy tree - - Mac
Build order — Lazy tree
First 150 of 526 actions detected
| 0:01 | Create | Villager (Male) |
| 0:02 | Create | Villager (Male) |
| 0:02 | Create | Villager (Male) |
| 0:30 | Create | Villager (Male) |
| 0:30 | Create | Villager (Male) |
| 0:31 | Create | Villager (Male) |
| 2:21 | Build | House |
| 7:00 | Build | Mill |
| 7:11 | Build | Lumber Camp |
| 7:56 | Build | Farm |
| 9:39 | Build | House |
| 10:38 | Create | Villager (Male) |
| 10:56 | Build | Palisade Wall |
| 13:02 | Create | Villager (Male) |
| 13:02 | Create | Villager (Male) |
| 13:32 | Build | Farm |
| 14:52 | Create | Villager (Male) |
| 16:03 | Create | Villager (Male) |
| 16:12 | Build | House |
| 17:40 | Create | Villager (Male) |
| 17:40 | Create | Villager (Male) |
| 18:42 | Create | Villager (Male) |
| 18:43 | Create | Villager (Male) |
| 19:55 | Create | Villager (Male) |
| 19:56 | Create | Villager (Male) |
| 20:59 | Create | Villager (Male) |
| 20:59 | Create | Villager (Male) |
| 21:58 | Build | House |
| 22:26 | Create | Villager (Male) |
| 22:26 | Create | Villager (Male) |
| 23:26 | Build | Farm |
| 23:39 | Create | Villager (Male) |
| 23:40 | Create | Villager (Male) |
| 24:44 | Create | Villager (Male) |
| 24:45 | Create | Villager (Male) |
| 25:30 | Create | Villager (Male) |
| 25:30 | Create | Villager (Male) |
| 25:55 | Build | House |
| 26:36 | Create | Villager (Male) |
| 26:36 | Create | Villager (Male) |
| 27:21 | Create | Villager (Male) |
| 27:21 | Create | Villager (Male) |
| 28:14 | Create | Villager (Male) |
| 28:14 | Create | Villager (Male) |
| 28:14 | Create | Villager (Male) |
| 28:15 | Create | Villager (Male) |
| 28:51 | Create | Villager (Male) |
| 28:51 | Create | Villager (Male) |
| 29:45 | Create | Villager (Male) |
| 30:37 | Create | Villager (Male) |
| 31:17 | Create | Villager (Male) |
| 31:18 | Create | Villager (Male) |
| 31:35 | Build | Farm |
| 31:51 | Build | House |
| 32:15 | Create | Villager (Male) |
| 32:55 | Create | Villager (Male) |
| 32:55 | Create | Villager (Male) |
| 33:37 | Create | Villager (Male) |
| 33:38 | Create | Villager (Male) |
| 34:30 | Create | Villager (Male) |
| 34:30 | Create | Villager (Male) |
| 34:58 | Build | Farm |
| 35:03 | Create | Villager (Male) |
| 35:50 | Build | House |
| 35:53 | Create | Villager (Male) |
| 35:54 | Create | Villager (Male) |
| 36:32 | Create | Villager (Male) |
| 36:47 | Create | Villager (Male) |
| 38:02 | Build | Lumber Camp |
| 38:06 | Build | Lumber Camp |
| 38:38 | Create | Villager (Male) |
| 39:29 | Build | Farm |
| 40:45 | Build | Farm |
| 41:15 | Build | Farm |
| 41:56 | Research | Feudal Age |
| 42:07 | Build | Farm |
| 42:49 | Build | Lumber Camp |
| 43:05 | Build | Farm |
| 44:06 | Age | Feudal Age |
| 44:30 | Build | Market |
| 44:38 | Build | Blacksmith |
| 45:19 | Build | Farm |
| 45:20 | Build | Farm |
| 45:23 | Build | Farm |
| 45:24 | Build | Farm |
| 45:30 | Build | Farm |
| 46:28 | Build | House |
| 46:31 | Build | House |
| 46:39 | Build | House |
| 46:50 | Research | Castle Age |
| 46:57 | Research | Double-Bit Axe |
| 47:04 | Build | House |
| 48:19 | Research | Wheelbarrow |
| 49:25 | Build | Farm |
| 49:30 | Age | Castle Age |
| 50:07 | Research | Bow Saw |
| 50:17 | Build | Farm |
| 50:32 | Build | House |
| 51:29 | Build | Siege Workshop |
| 51:44 | Build | Monastery |
| 52:29 | Build | Farm |
| 52:30 | Build | Farm |
| 52:50 | Build | Farm |
| 53:09 | Build | Farm |
| 53:31 | Build | Market |
| 53:50 | Build | Lumber Camp |
| 54:27 | Research | Imperial Age |
| 54:51 | Build | Siege Workshop |
| 55:12 | Build | Farm |
| 55:53 | Build | House |
| 55:54 | Build | House |
| 56:22 | Build | House |
| 56:24 | Build | House |
| 56:38 | Build | Farm |
| 56:53 | Build | Farm |
| 56:55 | Build | Farm |
| 57:30 | Create | Mangonel |
| 57:30 | Create | Mangonel |
| 57:37 | Age | Imperial Age |
| 57:47 | Research | Onager (upgrade) |
| 58:49 | Create | Villager (Male) |
| 58:49 | Create | Villager (Male) |
| 59:02 | Build | Lumber Camp |
| 59:14 | Research | Two-Man Saw |
| 59:21 | Build | House |
| 59:49 | Create | Mangonel |
| 59:53 | Create | Mangonel |
| 60:12 | Research | Town Watch |
| 60:15 | Create | Villager (Male) |
| 61:33 | Create | Villager (Male) |
| 61:33 | Create | Villager (Male) |
| 61:57 | Create | Villager (Male) |
| 61:57 | Create | Villager (Male) |
| 62:11 | Build | Town Center |
| 63:00 | Create | Villager (Male) |
| 63:01 | Create | Villager (Male) |
| 63:05 | Build | House |
| 63:06 | Build | House |
| 63:07 | Build | House |
| 63:08 | Build | House |
| 63:39 | Create | Villager (Male) ×5 |
| 63:49 | Build | Farm |
| 63:50 | Build | Farm |
| 63:51 | Build | Farm |
| 63:53 | Build | Farm |
| 63:54 | Build | Farm |
| 63:57 | Build | Farm |
| 64:01 | Build | Farm |
| 64:07 | Build | Farm |
| 64:11 | Build | Farm |
Build order — Mac
First 150 of 541 actions detected
| 0:02 | Create | Villager (Male) |
| 0:03 | Create | Villager (Male) |
| 0:03 | Create | Villager (Male) |
| 0:03 | Create | Villager (Male) |
| 2:20 | Build | House |
| 6:18 | Build | Palisade Wall |
| 6:25 | Build | Mill |
| 6:34 | Build | Palisade Wall |
| 6:52 | Build | Farm |
| 8:55 | Build | House |
| 9:35 | Create | Villager (Male) |
| 9:35 | Create | Villager (Male) |
| 12:05 | Create | Villager (Male) |
| 12:30 | Build | Farm |
| 13:46 | Create | Villager (Male) |
| 15:09 | Create | Villager (Male) |
| 15:14 | Build | House |
| 16:28 | Create | Villager (Male) |
| 16:29 | Create | Villager (Male) |
| 17:35 | Create | Villager (Male) |
| 17:35 | Create | Villager (Male) |
| 18:47 | Create | Villager (Male) |
| 19:50 | Build | House |
| 19:50 | Create | Villager (Male) |
| 19:51 | Create | Villager (Male) |
| 21:12 | Create | Villager (Male) |
| 22:58 | Build | Farm |
| 23:04 | Create | Villager (Male) |
| 23:52 | Create | Villager (Male) |
| 23:53 | Create | Villager (Male) |
| 24:45 | Create | Villager (Male) |
| 24:45 | Create | Villager (Male) |
| 25:02 | Build | House |
| 26:00 | Create | Villager (Male) |
| 26:08 | Create | Villager (Male) |
| 27:02 | Create | Villager (Male) |
| 28:00 | Create | Villager (Male) |
| 28:58 | Create | Villager (Male) |
| 29:22 | Create | Villager (Male) |
| 29:53 | Build | Farm |
| 30:13 | Create | Villager (Male) |
| 30:43 | Build | Farm |
| 31:54 | Build | Farm |
| 32:53 | Build | Farm |
| 33:03 | Build | Lumber Camp |
| 33:28 | Build | Mill |
| 34:18 | Research | Feudal Age |
| 35:35 | Build | Farm |
| 36:28 | Age | Feudal Age |
| 36:31 | Build | Market |
| 37:15 | Research | Wheelbarrow |
| 37:25 | Build | Lumber Camp |
| 37:59 | Research | Double-Bit Axe |
| 39:04 | Build | Blacksmith |
| 39:09 | Build | Lumber Camp |
| 39:37 | Build | Farm |
| 39:55 | Research | Castle Age |
| 40:00 | Build | Farm |
| 40:10 | Build | Farm |
| 42:35 | Age | Castle Age |
| 42:35 | Research | Bow Saw |
| 42:35 | Research | Bow Saw |
| 42:36 | Research | Hand Cart |
| 44:36 | Build | Farm |
| 46:04 | Build | Siege Workshop |
| 46:10 | Build | Farm |
| 47:18 | Build | Monastery |
| 47:41 | Research | Imperial Age |
| 47:54 | Build | House |
| 47:56 | Build | House |
| 47:56 | Build | House |
| 48:14 | Build | House |
| 48:38 | Build | House |
| 48:41 | Create | Mangonel |
| 48:41 | Create | Mangonel |
| 48:41 | Create | Mangonel |
| 48:53 | Build | House |
| 50:09 | Build | Market |
| 50:51 | Age | Imperial Age |
| 51:31 | Research | Onager (upgrade) |
| 52:05 | Create | Villager (Male) |
| 52:08 | Create | Villager (Male) |
| 53:41 | Build | Town Center |
| 54:27 | Create | Villager (Male) |
| 54:38 | Build | House |
| 54:40 | Build | House |
| 54:41 | Build | House |
| 54:42 | Build | House |
| 54:43 | Build | House |
| 55:05 | Create | Villager (Male) |
| 55:05 | Create | Villager (Male) |
| 55:06 | Create | Villager (Male) |
| 55:54 | Create | Villager (Male) |
| 55:55 | Create | Villager (Male) |
| 55:58 | Build | Town Center |
| 56:00 | Build | Farm |
| 56:00 | Build | Farm |
| 56:00 | Build | Farm |
| 56:00 | Build | Farm |
| 56:01 | Build | Farm |
| 56:01 | Build | Farm |
| 56:01 | Build | Farm |
| 56:01 | Build | Farm |
| 56:02 | Build | Farm |
| 56:37 | Create | Mangonel |
| 56:47 | Create | Villager (Male) |
| 56:48 | Create | Villager (Male) |
| 56:48 | Create | Villager (Male) |
| 57:09 | Create | Villager (Male) |
| 57:10 | Create | Villager (Male) |
| 57:13 | Build | Farm |
| 57:14 | Build | Farm |
| 57:14 | Build | Farm |
| 57:14 | Build | Farm |
| 57:14 | Build | Farm |
| 57:14 | Build | Farm |
| 57:15 | Build | Farm |
| 57:15 | Build | Farm |
| 57:30 | Build | Mill |
| 57:40 | Create | Villager (Male) ×2 |
| 57:41 | Create | Villager (Male) ×2 |
| 58:01 | Create | Villager (Male) |
| 58:02 | Create | Villager (Male) |
| 58:29 | Create | Villager (Male) ×5 |
| 58:30 | Create | Villager (Male) ×5 |
| 58:57 | Build | House |
| 58:59 | Build | House |
| 59:00 | Build | House |
| 59:01 | Build | House |
| 59:02 | Build | House |
| 59:10 | Create | Villager (Male) ×5 |
| 59:10 | Create | Villager (Male) |
| 59:10 | Create | Villager (Male) |
| 59:23 | Create | Villager (Male) |
| 59:23 | Create | Villager (Male) |
| 59:55 | Create | Villager (Male) |
| 59:55 | Create | Villager (Male) |
| 60:16 | Create | Villager (Male) ×5 |
| 60:16 | Create | Villager (Male) ×5 |
| 60:31 | Build | Town Center |
| 60:53 | Create | Villager (Male) ×5 |
| 60:54 | Create | Villager (Male) ×5 |
| 60:54 | Create | Villager (Male) ×2 |
| 61:16 | Build | Farm |
| 61:16 | Build | Farm |
| 61:16 | Build | Farm |
| 61:16 | Build | Farm |
| 61:17 | Build | Farm |
| 61:17 | Build | Farm |
| 61:17 | Build | Farm |
Build order — Chleppa
First 150 of 542 actions detected
| 0:05 | Create | Villager (Male) |
| 0:05 | Create | Villager (Male) |
| 0:06 | Create | Villager (Male) |
| 0:06 | Create | Villager (Male) |
| 2:19 | Build | House |
| 2:56 | Build | House |
| 7:28 | Build | Mill |
| 7:58 | Build | Farm |
| 8:05 | Build | Palisade Wall |
| 9:17 | Build | House |
| 10:38 | Create | Villager (Male) |
| 12:58 | Create | Villager (Male) |
| 14:25 | Build | Farm |
| 16:06 | Build | House |
| 16:32 | Create | Villager (Male) |
| 16:33 | Create | Villager (Male) |
| 17:44 | Create | Villager (Male) |
| 18:53 | Create | Villager (Male) |
| 20:12 | Create | Villager (Male) |
| 20:20 | Build | House |
| 21:19 | Create | Villager (Male) |
| 22:31 | Create | Villager (Male) |
| 24:07 | Create | Villager (Male) |
| 24:47 | Build | Farm |
| 24:57 | Create | Villager (Male) |
| 26:12 | Create | Villager (Male) |
| 26:58 | Create | Villager (Male) |
| 27:01 | Build | House |
| 27:49 | Create | Villager (Male) |
| 28:24 | Create | Villager (Male) |
| 29:23 | Create | Villager (Male) |
| 30:23 | Create | Villager (Male) |
| 30:45 | Build | Farm |
| 31:03 | Create | Villager (Male) |
| 31:42 | Create | Villager (Male) |
| 32:22 | Create | Villager (Male) |
| 32:39 | Build | House |
| 33:01 | Build | House |
| 33:17 | Create | Villager (Male) |
| 33:46 | Create | Villager (Male) |
| 34:20 | Create | Villager (Male) |
| 34:50 | Create | Villager (Male) |
| 34:58 | Build | Farm |
| 35:38 | Create | Villager (Male) |
| 36:03 | Create | Villager (Male) |
| 36:28 | Create | Villager (Male) |
| 36:53 | Create | Villager (Male) |
| 37:25 | Create | Villager (Male) |
| 38:06 | Create | Villager (Male) |
| 38:44 | Build | Lumber Camp |
| 38:47 | Build | Farm |
| 39:20 | Build | Farm |
| 39:44 | Build | Lumber Camp |
| 40:11 | Build | Mill |
| 40:42 | Build | Farm |
| 40:47 | Build | Farm |
| 40:54 | Build | Farm |
| 41:05 | Research | Feudal Age |
| 41:13 | Build | Farm |
| 41:16 | Build | Farm |
| 41:21 | Build | Farm |
| 41:26 | Build | Farm |
| 41:29 | Build | Farm |
| 41:33 | Build | Farm |
| 41:38 | Build | Farm |
| 41:41 | Build | Farm |
| 41:48 | Build | Farm |
| 41:52 | Build | Farm |
| 41:56 | Build | Farm |
| 42:00 | Build | Farm |
| 42:09 | Build | Farm |
| 42:13 | Build | Farm |
| 42:18 | Build | Farm |
| 43:15 | Age | Feudal Age |
| 43:16 | Research | Wheelbarrow |
| 43:18 | Research | Double-Bit Axe |
| 43:38 | Build | Farm |
| 43:40 | Build | Farm |
| 43:42 | Build | Farm |
| 43:47 | Build | Farm |
| 43:51 | Build | Farm |
| 43:55 | Build | Farm |
| 44:00 | Build | Farm |
| 44:45 | Build | Farm |
| 45:39 | Build | Farm |
| 45:48 | Build | Farm |
| 46:01 | Build | Lumber Camp |
| 47:15 | Build | Farm |
| 48:43 | Build | Farm |
| 50:04 | Build | Market |
| 50:19 | Build | Blacksmith |
| 50:53 | Build | Farm |
| 51:03 | Build | Farm |
| 51:14 | Build | Farm |
| 51:30 | Build | Lumber Camp |
| 51:45 | Build | Farm |
| 52:02 | Research | Castle Age |
| 52:22 | Build | Farm |
| 54:00 | Build | Farm |
| 54:04 | Build | Lumber Camp |
| 54:42 | Age | Castle Age |
| 54:58 | Build | Siege Workshop |
| 55:17 | Build | Monastery |
| 55:50 | Research | Imperial Age |
| 56:00 | Create | Mangonel |
| 56:00 | Create | Mangonel |
| 56:03 | Build | House |
| 56:38 | Build | House |
| 56:43 | Build | House |
| 56:47 | Build | House |
| 57:00 | Build | Farm |
| 57:08 | Build | House |
| 57:13 | Build | House |
| 57:19 | Build | House |
| 57:30 | Build | House |
| 59:00 | Age | Imperial Age |
| 59:18 | Research | Bow Saw |
| 59:43 | Build | Lumber Camp |
| 59:59 | Research | Onager (upgrade) |
| 60:53 | Build | Town Center |
| 61:56 | Create | Villager (Male) |
| 61:57 | Create | Villager (Male) |
| 61:57 | Create | Villager (Male) |
| 62:11 | Create | Villager (Male) |
| 62:12 | Create | Villager (Male) |
| 62:37 | Build | Farm |
| 62:37 | Build | Farm |
| 62:38 | Build | Farm |
| 62:38 | Build | Farm |
| 62:39 | Build | Farm |
| 62:39 | Build | Farm |
| 62:40 | Create | Villager (Male) |
| 63:20 | Build | House |
| 63:21 | Build | House |
| 63:22 | Build | House |
| 63:23 | Create | Villager (Male) |
| 63:24 | Create | Villager (Male) |
| 63:38 | Create | Villager (Male) |
| 63:39 | Create | Villager (Male) |
| 63:39 | Create | Villager (Male) |
| 63:40 | Create | Villager (Male) |
| 63:40 | Create | Villager (Male) |
| 63:46 | Build | Mill |
| 63:51 | Create | Villager (Male) |
| 63:51 | Create | Villager (Male) |
| 63:52 | Create | Villager (Male) |
| 64:13 | Create | Villager (Male) |
| 64:13 | Create | Villager (Male) |
| 64:20 | Build | Town Center |
| 64:21 | Create | Villager (Male) |
Build order — Castigador
First 150 of 520 actions detected
| 0:08 | Create | Villager (Male) |
| 0:12 | Create | Villager (Male) |
| 0:12 | Create | Villager (Male) |
| 0:12 | Create | Villager (Male) |
| 0:13 | Create | Villager (Male) |
| 0:23 | Research | Loom |
| 2:28 | Build | House |
| 7:00 | Build | Mill |
| 7:23 | Build | Farm |
| 8:22 | Build | House |
| 10:01 | Create | Villager (Male) |
| 10:02 | Create | Villager (Male) |
| 12:17 | Create | Villager (Male) |
| 13:33 | Build | Farm |
| 14:09 | Create | Villager (Male) |
| 14:09 | Create | Villager (Male) |
| 15:48 | Build | Lumber Camp |
| 16:21 | Research | Double-Bit Axe |
| 16:54 | Build | House |
| 17:32 | Create | Villager (Male) |
| 17:32 | Create | Villager (Male) |
| 18:50 | Create | Villager (Male) |
| 18:50 | Create | Villager (Male) |
| 18:51 | Create | Villager (Male) |
| 19:50 | Build | Mill |
| 20:01 | Create | Villager (Male) |
| 20:59 | Research | Horse Collar |
| 20:59 | Research | Horse Collar |
| 20:59 | Research | Horse Collar |
| 21:35 | Build | House |
| 22:03 | Create | Villager (Male) |
| 22:04 | Create | Villager (Male) |
| 22:55 | Build | Farm |
| 23:27 | Create | Villager (Male) |
| 23:27 | Create | Villager (Male) |
| 24:16 | Create | Villager (Male) |
| 24:16 | Create | Villager (Male) |
| 25:00 | Create | Villager (Male) |
| 25:00 | Create | Villager (Male) |
| 25:56 | Create | Villager (Male) |
| 25:56 | Create | Villager (Male) |
| 26:59 | Create | Villager (Male) |
| 26:59 | Create | Villager (Male) |
| 27:46 | Create | Villager (Male) |
| 27:46 | Create | Villager (Male) |
| 28:23 | Create | Villager (Male) |
| 28:57 | Build | House |
| 29:21 | Create | Villager (Male) |
| 29:21 | Create | Villager (Male) |
| 29:21 | Create | Villager (Male) |
| 30:00 | Build | Farm |
| 30:30 | Create | Villager (Male) |
| 30:58 | Create | Villager (Male) |
| 31:26 | Create | Villager (Male) |
| 31:26 | Create | Villager (Male) |
| 31:59 | Create | Villager (Male) |
| 32:07 | Build | Farm |
| 32:47 | Research | Wheelbarrow |
| 32:48 | Research | Wheelbarrow |
| 32:48 | Research | Wheelbarrow |
| 33:25 | Build | House |
| 33:38 | Create | Villager (Male) |
| 34:35 | Create | Villager (Male) |
| 34:36 | Create | Villager (Male) |
| 34:37 | Create | Villager (Male) |
| 35:21 | Create | Villager (Male) |
| 35:35 | Build | Lumber Camp |
| 36:01 | Research | Loom |
| 37:06 | Build | Farm |
| 37:46 | Build | Lumber Camp |
| 38:21 | Build | Farm |
| 38:32 | Build | Mill |
| 38:51 | Build | Farm |
| 39:13 | Research | Feudal Age |
| 39:13 | Research | Feudal Age |
| 39:42 | Build | Farm |
| 41:23 | Age | Feudal Age |
| 41:33 | Research | Bow Saw |
| 41:37 | Research | Hand Cart |
| 41:59 | Research | Heavy Plow |
| 43:02 | Build | Blacksmith |
| 43:27 | Build | Market |
| 43:47 | Build | Lumber Camp |
| 44:36 | Build | Farm |
| 44:46 | Build | Farm |
| 45:44 | Research | Castle Age |
| 45:44 | Research | Castle Age |
| 45:45 | Research | Castle Age |
| 45:45 | Research | Castle Age |
| 46:09 | Build | Lumber Camp |
| 46:26 | Build | Farm |
| 48:13 | Build | Farm |
| 48:18 | Build | Farm |
| 48:24 | Age | Castle Age |
| 48:25 | Build | Farm |
| 48:33 | Research | Two-Man Saw |
| 48:41 | Build | Farm |
| 48:53 | Build | Farm |
| 49:00 | Build | Farm |
| 49:52 | Build | Siege Workshop |
| 50:03 | Build | Monastery |
| 50:28 | Build | Lumber Camp |
| 50:36 | Build | Farm |
| 51:09 | Research | Imperial Age |
| 51:18 | Build | Farm |
| 51:55 | Build | Farm |
| 52:00 | Build | Farm |
| 52:12 | Build | House |
| 52:18 | Build | House |
| 52:22 | Build | House |
| 52:46 | Build | Market |
| 52:53 | Build | Town Center |
| 53:05 | Build | House |
| 53:06 | Build | House |
| 53:07 | Build | House |
| 53:45 | Create | Mangonel |
| 53:47 | Create | Mangonel |
| 54:08 | Build | Mill |
| 54:19 | Age | Imperial Age |
| 54:50 | Research | Onager (upgrade) |
| 55:46 | Research | Crop Rotation |
| 55:57 | Create | Villager (Male) ×2 |
| 55:57 | Create | Villager (Male) ×2 |
| 56:38 | Research | Town Watch |
| 56:39 | Create | Villager (Male) |
| 57:38 | Create | Villager (Male) ×5 |
| 57:39 | Create | Villager (Male) ×5 |
| 58:47 | Build | Farm |
| 58:47 | Build | Farm |
| 58:48 | Build | Farm |
| 58:48 | Build | Farm |
| 58:48 | Build | Farm |
| 58:49 | Build | Farm |
| 58:49 | Build | Farm |
| 58:49 | Build | Farm |
| 58:50 | Build | Farm |
| 59:02 | Build | House |
| 59:03 | Build | House |
| 59:03 | Build | House |
| 59:03 | Build | House |
| 59:04 | Build | House |
| 59:06 | Build | House |
| 59:06 | Build | House |
| 59:06 | Build | House |
| 59:07 | Build | House |
| 59:07 | Build | House |
| 59:07 | Build | House |
| 59:08 | Build | House |
| 59:08 | Build | House |
| 59:08 | Build | House |
Build order — Ni66aдяй
First 150 of 207 actions detected
| 0:05 | Create | Villager (Male) |
| 0:05 | Create | Villager (Male) |
| 0:13 | Create | Villager (Male) |
| 2:55 | Build | Mill |
| 3:32 | Build | House |
| 3:51 | Create | Villager (Male) |
| 7:42 | Build | Farm |
| 10:00 | Build | House |
| 10:21 | Create | Villager (Male) |
| 12:56 | Build | House |
| 13:00 | Create | Villager (Male) |
| 15:22 | Build | House |
| 15:26 | Build | Farm |
| 15:40 | Create | Villager (Male) |
| 17:35 | Build | House |
| 17:50 | Create | Villager (Male) |
| 18:33 | Create | Villager (Male) |
| 19:29 | Create | Villager (Male) |
| 20:54 | Create | Villager (Male) |
| 22:07 | Create | Villager (Male) |
| 22:42 | Build | House |
| 23:22 | Create | Villager (Male) |
| 24:33 | Create | Villager (Male) |
| 27:00 | Create | Villager (Male) |
| 27:32 | Create | Villager (Male) |
| 27:43 | Build | Farm |
| 28:47 | Create | Villager (Male) |
| 28:56 | Build | House |
| 28:58 | Build | House |
| 29:31 | Create | Villager (Male) |
| 30:55 | Build | Farm |
| 32:58 | Build | Mill |
| 34:19 | Build | Farm |
| 36:13 | Build | Lumber Camp |
| 36:38 | Research | Feudal Age |
| 36:49 | Build | House |
| 37:27 | Build | Lumber Camp |
| 38:48 | Age | Feudal Age |
| 38:48 | Research | Double-Bit Axe |
| 38:50 | Research | Horse Collar |
| 39:37 | Build | Market |
| 40:48 | Build | Farm |
| 41:01 | Build | Farm |
| 41:23 | Build | Mill |
| 41:34 | Build | Farm |
| 41:42 | Build | Farm |
| 43:28 | Build | Town Center |
| 43:44 | Build | Blacksmith |
| 43:57 | Build | Market |
| 44:30 | Research | Castle Age |
| 46:55 | Build | Farm |
| 47:03 | Build | Farm |
| 47:10 | Age | Castle Age |
| 47:34 | Build | Town Center |
| 48:14 | Build | Farm |
| 48:21 | Build | Farm |
| 48:25 | Build | Farm |
| 48:45 | Create | Villager (Male) |
| 49:07 | Build | Town Center |
| 50:34 | Create | Villager (Male) ×3 |
| 50:41 | Build | Farm |
| 51:18 | Build | House |
| 51:21 | Build | House |
| 52:36 | Research | Wheelbarrow |
| 53:49 | Create | Villager (Male) |
| 53:49 | Create | Villager (Male) |
| 54:01 | Build | Lumber Camp |
| 54:19 | Build | House |
| 54:31 | Research | Bow Saw |
| 55:22 | Research | Town Watch |
| 55:23 | Create | Villager (Male) ×2 |
| 55:38 | Build | House |
| 55:51 | Create | Villager (Male) |
| 55:51 | Create | Villager (Male) |
| 56:13 | Create | Villager (Male) |
| 56:22 | Build | House |
| 56:38 | Build | House |
| 57:22 | Create | Villager (Male) |
| 57:23 | Create | Villager (Male) |
| 57:44 | Create | Villager (Male) |
| 57:45 | Create | Villager (Male) |
| 58:03 | Build | Lumber Camp |
| 58:08 | Build | House |
| 58:27 | Create | Villager (Male) |
| 58:28 | Create | Villager (Male) |
| 58:40 | Create | Villager (Male) |
| 59:04 | Create | Villager (Male) |
| 59:38 | Create | Villager (Male) |
| 59:49 | Create | Villager (Male) |
| 60:13 | Create | Villager (Male) |
| 60:17 | Build | Farm |
| 60:46 | Create | Villager (Male) |
| 61:16 | Build | House |
| 61:19 | Create | Villager (Male) |
| 61:46 | Build | Farm |
| 61:58 | Build | Mill |
| 62:22 | Research | Heavy Plow |
| 62:32 | Build | Lumber Camp |
| 62:41 | Create | Villager (Male) |
| 62:42 | Create | Villager (Male) |
| 63:21 | Build | House |
| 63:23 | Create | Villager (Male) |
| 63:24 | Create | Villager (Male) |
| 64:33 | Build | Market |
| 65:06 | Create | Trade Cart |
| 65:06 | Create | Trade Cart |
| 65:09 | Research | Caravan |
| 65:16 | Create | Trade Cart |
| 65:48 | Build | Watch Tower |
| 66:12 | Build | Blacksmith |
| 66:18 | Build | Lumber Camp |
| 66:29 | Build | Watch Tower |
| 66:32 | Research | Fletching |
| 66:44 | Research | Town Patrol |
| 67:26 | Research | Bodkin Arrow |
| 67:36 | Create | Trade Cart |
| 67:37 | Create | Trade Cart |
| 67:37 | Create | Trade Cart |
| 68:19 | Create | Villager (Male) ×3 |
| 68:27 | Build | Lumber Camp |
| 68:42 | Build | Lumber Camp |
| 68:55 | Build | House |
| 69:16 | Build | House |
| 69:25 | Build | House |
| 70:27 | Build | Watch Tower |
| 71:32 | Create | Trade Cart |
| 71:33 | Create | Trade Cart |
| 71:34 | Create | Trade Cart |
| 72:21 | Build | Market |
| 72:27 | Build | Lumber Camp |
| 72:52 | Create | Trade Cart |
| 72:52 | Create | Trade Cart |
| 73:49 | Build | University |
| 73:57 | Build | Monastery |
| 74:31 | Build | Lumber Camp |
| 74:39 | Build | Lumber Camp |
| 74:44 | Build | House |
| 76:11 | Research | Imperial Age |
| 76:30 | Build | Farm |
| 76:34 | Build | Farm |
| 76:39 | Build | Farm |
| 77:10 | Create | Trade Cart |
| 77:19 | Create | Trade Cart |
| 77:59 | Research | Coinage |
| 78:07 | Create | Trade Cart |
| 78:30 | Build | Siege Workshop |
| 78:45 | Research | Hand Cart |
| 79:21 | Age | Imperial Age |
| 79:31 | Research | Guilds |
| 80:21 | Build | Farm |
Build order — SGT
First 150 of 270 actions detected
| 0:07 | Create | Villager (Male) ×4 |
| 3:12 | Build | House |
| 4:01 | Build | Mill |
| 10:31 | Build | Farm |
| 12:54 | Build | Farm |
| 13:01 | Build | Farm |
| 15:36 | Build | House |
| 15:58 | Create | Villager (Male) |
| 16:05 | Create | Villager (Male) |
| 16:10 | Create | Villager (Male) |
| 17:27 | Create | Villager (Male) |
| 18:38 | Build | House |
| 19:08 | Create | Villager (Male) |
| 19:49 | Create | Villager (Male) |
| 21:27 | Create | Villager (Male) |
| 22:14 | Build | House |
| 22:48 | Create | Villager (Male) |
| 24:15 | Create | Villager (Male) |
| 25:23 | Create | Villager (Male) |
| 26:19 | Create | Villager (Male) |
| 28:55 | Create | Villager (Male) |
| 28:56 | Create | Villager (Male) |
| 29:56 | Build | Farm |
| 30:08 | Create | Villager (Male) |
| 31:21 | Create | Villager (Male) |
| 31:45 | Build | House |
| 32:06 | Build | Farm |
| 33:06 | Create | Villager (Male) |
| 33:29 | Create | Villager (Male) |
| 33:43 | Create | Villager (Male) |
| 36:05 | Build | Farm |
| 36:33 | Create | Villager (Male) |
| 37:35 | Build | House |
| 38:51 | Build | House |
| 39:05 | Create | Villager (Male) |
| 39:13 | Build | House |
| 39:43 | Create | Villager (Male) |
| 39:44 | Create | Villager (Male) |
| 40:16 | Build | House |
| 40:56 | Create | Villager (Male) |
| 41:32 | Build | Farm |
| 41:46 | Build | Lumber Camp |
| 41:51 | Build | Mill |
| 42:12 | Research | Feudal Age |
| 44:22 | Age | Feudal Age |
| 44:32 | Build | Market |
| 45:33 | Create | Villager (Male) |
| 45:33 | Create | Villager (Male) |
| 45:34 | Create | Villager (Male) |
| 45:34 | Create | Villager (Male) |
| 45:34 | Create | Villager (Male) |
| 45:49 | Research | Double-Bit Axe |
| 45:58 | Research | Wheelbarrow |
| 46:10 | Build | Lumber Camp |
| 47:59 | Create | Villager (Male) |
| 47:59 | Create | Villager (Male) |
| 48:12 | Build | Farm |
| 48:30 | Build | Farm |
| 49:09 | Build | Farm |
| 49:10 | Build | Farm |
| 49:11 | Build | Farm |
| 49:12 | Build | Farm |
| 49:13 | Build | Farm |
| 49:14 | Build | Farm |
| 49:23 | Build | Farm |
| 50:02 | Build | Farm |
| 50:04 | Build | Farm |
| 50:20 | Build | Farm |
| 50:49 | Build | Farm |
| 50:53 | Build | Farm |
| 50:55 | Build | Farm |
| 51:01 | Build | Lumber Camp |
| 51:15 | Build | Lumber Camp |
| 51:27 | Build | Farm |
| 53:59 | Build | Market |
| 54:21 | Build | Blacksmith |
| 54:41 | Research | Castle Age |
| 55:12 | Build | Farm |
| 55:17 | Build | House |
| 55:19 | Build | House |
| 55:30 | Build | Lumber Camp |
| 56:02 | Build | Farm |
| 56:06 | Build | Farm |
| 56:45 | Build | Farm |
| 57:21 | Age | Castle Age |
| 57:33 | Research | Bow Saw |
| 58:28 | Build | Farm |
| 58:32 | Build | Farm |
| 59:51 | Build | Monastery |
| 59:57 | Build | Siege Workshop |
| 60:10 | Build | House |
| 60:19 | Research | Imperial Age |
| 60:26 | Create | Mangonel |
| 60:27 | Create | Mangonel |
| 60:38 | Build | House |
| 60:51 | Build | House |
| 61:05 | Build | House |
| 62:12 | Build | Farm |
| 62:49 | Build | Market |
| 63:29 | Age | Imperial Age |
| 64:01 | Research | Onager (upgrade) |
| 64:17 | Build | Farm |
| 64:22 | Build | Farm |
| 65:47 | Research | Hand Cart |
| 65:54 | Build | Mill |
| 66:48 | Research | Horse Collar |
| 67:02 | Build | Farm |
| 67:19 | Research | Two-Man Saw |
| 67:39 | Build | Farm |
| 67:42 | Build | Farm |
| 67:45 | Build | Farm |
| 67:48 | Build | Farm |
| 68:13 | Research | Heavy Plow |
| 68:17 | Create | Villager (Male) ×3 |
| 68:17 | Create | Villager (Male) ×3 |
| 68:27 | Build | Town Center |
| 68:39 | Build | Town Center |
| 69:33 | Build | House |
| 69:54 | Build | House |
| 69:55 | Build | House |
| 69:57 | Build | House |
| 70:12 | Build | Farm |
| 70:12 | Build | Farm |
| 70:13 | Build | Farm |
| 70:13 | Build | Farm |
| 70:13 | Build | Farm |
| 70:14 | Build | Farm |
| 70:14 | Build | Farm |
| 70:15 | Build | Farm |
| 70:15 | Build | Farm |
| 70:15 | Build | Farm |
| 70:16 | Build | Farm |
| 70:16 | Build | Farm |
| 70:17 | Build | Farm |
| 70:17 | Build | Farm |
| 70:24 | Create | Villager (Male) ×5 |
| 70:24 | Create | Villager (Male) ×5 |
| 70:25 | Create | Villager (Male) ×3 |
| 70:25 | Create | Villager (Male) ×3 |
| 71:07 | Create | Villager (Male) ×5 |
| 71:07 | Create | Villager (Male) ×5 |
| 71:07 | Create | Villager (Male) |
| 71:08 | Create | Villager (Male) |
| 71:12 | Build | Farm |
| 71:24 | Build | Farm |
| 71:41 | Create | Villager (Male) ×3 |
| 71:42 | Create | Villager (Male) |
| 71:42 | Create | Villager (Male) |
| 71:59 | Create | Villager (Male) ×3 |
| 72:00 | Create | Villager (Male) ×3 |
Build order — jmm
First 150 of 531 actions detected
| 0:11 | Create | Villager (Male) |
| 0:12 | Create | Villager (Male) |
| 0:12 | Create | Villager (Male) |
| 0:13 | Create | Villager (Male) |
| 0:13 | Create | Villager (Male) |
| 0:28 | Create | Villager (Male) |
| 3:04 | Build | House |
| 5:09 | Build | Mill |
| 8:51 | Build | Farm |
| 9:24 | Build | House |
| 11:26 | Create | Villager (Male) |
| 12:30 | Build | Farm |
| 13:26 | Create | Villager (Male) |
| 15:20 | Build | House |
| 15:27 | Create | Villager (Male) |
| 15:55 | Create | Villager (Male) |
| 17:31 | Create | Villager (Male) |
| 19:30 | Create | Villager (Male) |
| 19:54 | Build | House |
| 21:20 | Create | Villager (Male) |
| 21:20 | Create | Villager (Male) |
| 22:37 | Create | Villager (Male) |
| 23:30 | Build | Farm |
| 23:49 | Create | Villager (Male) |
| 24:23 | Build | House |
| 24:37 | Create | Villager (Male) |
| 25:42 | Create | Villager (Male) |
| 26:12 | Create | Villager (Male) |
| 27:51 | Create | Villager (Male) |
| 27:57 | Create | Villager (Male) |
| 28:57 | Build | Farm |
| 29:15 | Create | Villager (Male) |
| 30:16 | Create | Villager (Male) |
| 31:09 | Build | House |
| 31:25 | Create | Villager (Male) |
| 31:25 | Create | Villager (Male) |
| 31:26 | Create | Villager (Male) |
| 31:26 | Create | Villager (Male) |
| 32:17 | Build | House |
| 33:45 | Create | Villager (Male) |
| 33:46 | Create | Villager (Male) |
| 33:47 | Create | Villager (Male) |
| 34:00 | Build | Farm |
| 34:30 | Create | Villager (Male) |
| 35:08 | Create | Villager (Male) |
| 35:09 | Create | Villager (Male) |
| 36:34 | Build | Farm |
| 36:36 | Build | Farm |
| 36:39 | Build | Farm |
| 36:53 | Build | Farm |
| 36:56 | Build | Farm |
| 37:20 | Build | Lumber Camp |
| 37:29 | Build | Mill |
| 38:07 | Build | Farm |
| 38:11 | Build | Farm |
| 39:40 | Research | Feudal Age |
| 41:15 | Build | Lumber Camp |
| 41:50 | Age | Feudal Age |
| 41:53 | Build | Market |
| 41:57 | Research | Double-Bit Axe |
| 42:18 | Build | Blacksmith |
| 42:59 | Build | Farm |
| 43:37 | Build | Farm |
| 46:19 | Build | Farm |
| 46:46 | Research | Castle Age |
| 46:52 | Build | Farm |
| 46:58 | Build | Farm |
| 47:08 | Build | Farm |
| 47:21 | Build | Lumber Camp |
| 48:35 | Build | Farm |
| 49:21 | Research | Loom |
| 49:26 | Age | Castle Age |
| 49:32 | Build | Siege Workshop |
| 49:40 | Build | Monastery |
| 49:52 | Research | Bow Saw |
| 50:22 | Build | Farm |
| 50:39 | Build | Farm |
| 52:09 | Build | Farm |
| 52:20 | Build | Market |
| 52:43 | Build | Lumber Camp |
| 53:03 | Build | Farm |
| 53:18 | Research | Imperial Age |
| 53:48 | Build | Siege Workshop |
| 54:04 | Build | House |
| 54:06 | Build | House |
| 54:16 | Build | House |
| 54:17 | Build | House |
| 54:19 | Build | House |
| 54:20 | Build | House |
| 54:26 | Build | House |
| 54:28 | Build | House |
| 54:57 | Create | Mangonel |
| 55:28 | Build | House |
| 55:42 | Build | House |
| 56:28 | Age | Imperial Age |
| 56:53 | Create | Mangonel |
| 57:42 | Research | Onager (upgrade) |
| 58:04 | Build | Farm |
| 58:10 | Build | Farm |
| 58:17 | Create | Mangonel |
| 58:27 | Create | Villager (Male) |
| 59:13 | Build | Town Center |
| 60:10 | Research | Two-Man Saw |
| 60:43 | Build | Farm |
| 60:49 | Build | Farm |
| 60:52 | Build | Farm |
| 61:03 | Build | Farm |
| 61:21 | Create | Villager (Male) |
| 61:21 | Create | Villager (Male) |
| 61:22 | Create | Villager (Male) |
| 61:24 | Research | Wheelbarrow |
| 62:00 | Create | Villager (Male) |
| 62:06 | Build | Farm |
| 62:07 | Build | Farm |
| 62:09 | Build | Farm |
| 62:15 | Build | Town Center |
| 62:48 | Create | Villager (Male) |
| 62:49 | Create | Villager (Male) |
| 62:49 | Create | Villager (Male) |
| 62:49 | Create | Villager (Male) |
| 62:54 | Build | Mill |
| 63:21 | Create | Villager (Male) |
| 63:22 | Create | Villager (Male) |
| 63:22 | Create | Villager (Male) |
| 63:22 | Create | Villager (Male) |
| 63:24 | Research | Town Watch |
| 64:08 | Build | Market |
| 64:10 | Build | Market |
| 64:55 | Create | Villager (Male) |
| 64:55 | Create | Villager (Male) |
| 64:56 | Create | Villager (Male) |
| 64:56 | Create | Villager (Male) |
| 64:56 | Create | Villager (Male) |
| 64:57 | Create | Villager (Male) |
| 64:57 | Create | Villager (Male) |
| 64:58 | Create | Villager (Male) |
| 65:00 | Research | Horse Collar |
| 65:04 | Build | Farm |
| 65:07 | Build | Farm |
| 65:10 | Build | Farm |
| 65:13 | Build | Farm |
| 65:17 | Build | Farm |
| 65:20 | Build | Farm |
| 65:22 | Build | Farm |
| 65:33 | Build | House |
| 65:37 | Build | House |
| 65:51 | Build | Market |
| 65:52 | Build | Market |
| 66:14 | Research | Heavy Plow |
| 66:16 | Create | Villager (Male) |
Build order — . faLLen
129 actions detected in the replay
| 0:23 | Create | Villager (Male) |
| 0:23 | Create | Villager (Male) |
| 0:24 | Create | Villager (Male) |
| 0:25 | Create | Villager (Male) |
| 3:43 | Build | House |
| 8:09 | Build | Mill |
| 11:13 | Build | Farm |
| 14:04 | Create | Villager (Male) |
| 14:15 | Build | House |
| 16:33 | Create | Villager (Male) |
| 20:58 | Create | Villager (Male) |
| 22:21 | Create | Villager (Male) |
| 23:54 | Build | House |
| 25:27 | Create | Villager (Male) |
| 26:24 | Build | Farm |
| 27:08 | Create | Villager (Male) |
| 28:33 | Create | Villager (Male) |
| 30:31 | Create | Villager (Male) |
| 31:11 | Create | Villager (Male) |
| 32:38 | Create | Villager (Male) |
| 34:06 | Create | Villager (Male) |
| 34:17 | Build | House |
| 35:51 | Create | Villager (Male) |
| 37:05 | Create | Villager (Male) |
| 38:43 | Create | Villager (Male) |
| 40:44 | Build | House |
| 41:14 | Build | Farm |
| 41:27 | Create | Villager (Male) |
| 41:27 | Create | Villager (Male) |
| 41:36 | Create | Villager (Male) |
| 42:36 | Build | Lumber Camp |
| 48:40 | Build | Farm |
| 51:38 | Build | Mill |
| 52:09 | Build | Barracks |
| 52:37 | Build | Mill |
| 52:56 | Research | Feudal Age |
| 52:56 | Research | Feudal Age |
| 52:56 | Research | Feudal Age |
| 53:21 | Build | House |
| 53:24 | Build | House |
| 54:04 | Create | Villager (Male) |
| 54:05 | Create | Villager (Male) |
| 54:05 | Create | Villager (Male) |
| 54:08 | Create | Villager (Male) |
| 54:21 | Build | House |
| 55:06 | Age | Feudal Age |
| 55:23 | Build | Lumber Camp |
| 55:44 | Research | Double-Bit Axe |
| 56:24 | Build | Outpost |
| 57:35 | Build | Market |
| 57:41 | Build | Blacksmith |
| 59:02 | Research | Castle Age |
| 59:23 | Build | Farm |
| 59:29 | Build | Farm |
| 60:29 | Create | Villager (Male) |
| 60:29 | Create | Villager (Male) |
| 60:30 | Create | Villager (Male) |
| 61:42 | Age | Castle Age |
| 62:23 | Research | Bow Saw |
| 62:44 | Build | Farm |
| 62:49 | Build | Farm |
| 62:54 | Build | Farm |
| 63:04 | Build | Farm |
| 63:25 | Build | House |
| 63:39 | Build | House |
| 65:11 | Build | House |
| 65:45 | Create | Villager (Male) |
| 65:45 | Create | Villager (Male) |
| 65:46 | Create | Villager (Male) |
| 65:46 | Create | Villager (Male) |
| 65:47 | Create | Villager (Male) |
| 67:16 | Build | Farm |
| 67:31 | Build | Farm |
| 68:04 | Research | Town Watch |
| 69:07 | Create | Villager (Male) |
| 69:08 | Create | Villager (Male) |
| 69:08 | Create | Villager (Male) |
| 69:08 | Create | Villager (Male) |
| 69:09 | Create | Villager (Male) |
| 69:11 | Create | Villager (Male) |
| 69:13 | Create | Villager (Male) |
| 69:14 | Create | Villager (Male) |
| 69:14 | Create | Villager (Male) |
| 69:16 | Create | Villager (Male) |
| 69:16 | Create | Villager (Male) |
| 69:24 | Build | Farm |
| 69:48 | Build | Lumber Camp |
| 74:07 | Build | Outpost |
| 75:56 | Build | Market |
| 76:29 | Build | Outpost |
| 77:55 | Build | Monastery |
| 78:41 | Create | Villager (Male) |
| 79:51 | Build | Lumber Camp |
| 80:17 | Build | Siege Workshop |
| 81:07 | Research | Imperial Age |
| 82:09 | Build | Castle |
| 83:33 | Build | Barracks |
| 84:13 | Research | Squires |
| 84:14 | Research | Pikeman (upgrade) |
| 84:51 | Build | Farm |
| 85:32 | Create | Spearman |
| 85:32 | Create | Spearman |
| 85:33 | Create | Spearman |
| 85:33 | Create | Spearman |
| 85:33 | Create | Spearman |
| 85:34 | Create | Spearman |
| 85:35 | Create | Spearman |
| 85:35 | Create | Spearman |
| 85:35 | Create | Spearman |
| 85:36 | Create | Spearman |
| 85:36 | Create | Spearman |
| 85:37 | Create | Spearman |
| 85:37 | Create | Spearman |
| 85:37 | Create | Spearman |
| 85:46 | Create | Berserk |
| 85:46 | Create | Berserk |
| 85:46 | Create | Berserk |
| 85:47 | Create | Berserk |
| 85:47 | Create | Berserk |
| 85:47 | Create | Berserk |
| 85:48 | Create | Berserk |
| 85:50 | Create | Berserk |
| 85:50 | Create | Berserk |
| 86:23 | Age | Imperial Age |
| 87:01 | Create | Berserk |
| 87:01 | Create | Berserk |
| 87:02 | Create | Berserk |
| 87:02 | Create | Berserk |
| 87:02 | Create | Berserk |
Match timeline
| 6:18 | Mac · wall_segment Palisade Wall x1 |
| 6:34 | Mac · wall_segment Palisade Wall x1 |
| 8:05 | Chleppa · wall_segment Palisade Wall x1 |
| 10:56 | Lazy tree · wall_segment Palisade Wall x1 |
| 36:28 | Mac · age_up feudal |
| 36:53 | Mac · first_market_sell 500 wood |
| 37:51 | Mac · first_market_buy 100 food |
| 38:48 | Ni66aдяй · age_up feudal |
| 40:04 | Ni66aдяй · first_market_sell 100 wood |
| 40:24 | Ni66aдяй · first_market_buy 100 food |
| 41:23 | Castigador · age_up feudal |
| 41:50 | jmm · age_up feudal |
| 42:35 | Mac · age_up castle |
| 43:01 | jmm · first_market_sell 500 wood |
| 43:15 | Chleppa · age_up feudal |
| 44:06 | Lazy tree · age_up feudal |
| 44:11 | Castigador · first_market_sell 500 wood |
| 44:22 | SGT · age_up feudal |
| 45:08 | Lazy tree · first_market_sell 500 wood |
| 45:09 | SGT · first_market_sell 100 wood |
| 46:04 | Mac · first_building Siege Workshop |
| 47:10 | Ni66aдяй · age_up castle |
| 47:18 | Mac · first_building Monastery |
| 48:24 | Castigador · age_up castle |
| 49:26 | jmm · age_up castle |
| 49:30 | Lazy tree · age_up castle |
| 49:32 | jmm · first_building Siege Workshop |
| 49:40 | jmm · first_building Monastery |
| 49:52 | Castigador · first_building Siege Workshop |
| 50:03 | Castigador · first_building Monastery |
| 50:40 | Chleppa · first_market_sell 500 wood |
| 50:51 | Mac · age_up imperial |
| 51:29 | Lazy tree · first_building Siege Workshop |
| 51:44 | Lazy tree · first_building Monastery |
| 52:09 | . faLLen · first_building Barracks |
| 54:19 | Castigador · age_up imperial |
| 54:42 | Chleppa · age_up castle |
| 54:58 | Chleppa · first_building Siege Workshop |
| 55:06 | . faLLen · age_up feudal |
| 55:17 | Chleppa · first_building Monastery |
| 56:28 | jmm · age_up imperial |
| 57:21 | SGT · age_up castle |
| 57:37 | Lazy tree · age_up imperial |
| 58:17 | . faLLen · first_market_sell 100 wood |
| 58:35 | . faLLen · first_market_buy 100 food |
| 59:00 | Chleppa · age_up imperial |
| 59:35 | jmm · first_market_buy 100 stone |
| 59:51 | SGT · first_building Monastery |
| 59:57 | SGT · first_building Siege Workshop |
| 61:42 | . faLLen · age_up castle |
| 63:29 | SGT · age_up imperial |
| 69:41 | Castigador · first_building Barracks |
| 73:57 | Ni66aдяй · first_building Monastery |
| 74:27 | SGT · first_building Barracks |
| 74:36 | Mac · first_building Barracks |
| 75:22 | jmm · first_building Barracks |
| 76:08 | SGT · first_market_buy 100 stone |
| 77:02 | jmm · first_building Stable |
| 77:12 | Lazy tree · first_building Barracks |
| 77:55 | . faLLen · first_building Monastery |
| 78:30 | Ni66aдяй · first_building Siege Workshop |
| 78:31 | Castigador · first_building Stable |
| 79:11 | Castigador · first_market_buy 100 stone |
| 79:21 | Ni66aдяй · age_up imperial |
| 80:17 | . faLLen · first_building Siege Workshop |
| 82:01 | Chleppa · first_building Barracks |
| 82:06 | Mac · first_building Archery Range |
| 82:09 | . faLLen · first_building Castle |
| 82:24 | Lazy tree · first_market_buy 100 stone |
| 82:48 | Chleppa · first_building Stable |
| 82:59 | Ni66aдяй · first_building Castle |
| 86:23 | . faLLen · age_up imperial |
| 87:00 | Castigador · first_building Castle |
| 87:13 | . faLLen · resign |
| 88:54 | Lazy tree · first_building Castle |
| 92:54 | jmm · first_building Castle |
| 93:17 | Lazy tree · first_building Stable |
| 96:32 | Chleppa · first_building Archery Range |
[ AI ANALYSIS · 1 CREDIT ]
What really happened in this match?
Wolo.gg analyzes every decision: build order, eco, micro, common mistakes by bracket. Personalized analysis on WhatsApp or Discord in 30 seconds.
Civ guide
Italians
Map guide
FOREST NOTHING DE (Custom)
Perfil
Jugador #4492842